 Dungeon Crawl Stone Soup version 0.29.0-11-gd7f09526c8 (webtiles) character file.

Game seed: 8057188165343378193

3021 sanka the Nimble (level 9, -4/78 (81) HPs)
             Began as a Demigod Arcane Marksman on Sept 5, 2022.
             Slain by an acid dragon (15 damage)
             ... on level 7 of the Dungeon.
             The game lasted 00:23:21 (11607 turns).

sanka the Nimble (Demigod Arcane Marksman)         Turns: 11607, Time: 00:23:22

HP:   -4/78 (81)    AC: -1    Str: 11    XL:     9   Next: 30%
MP:   13/13         EV: 21    Int: 31    God:
Gold: 277           SH:  5    Dex: 17    Spells: 6/10 levels left

rFire   + . .      SeeInvis .   P - +3 halberd (freeze)
rCold   . . .      Faith    .   (shield currently unavailable)
rNeg    . . .      Spirit   .   c - +0 robe
rPois   .          Reflect  +   A - +0 helmet
rElec   .          Harm     .   t - +0 cloak
rCorr   .          Rampage  .   N - +2 pair of gloves {Dex+3}
Will    .....                   (no boots)
Stlth   ++........              f - amulet of reflection
HPRegen 0.23/turn               L - ring of Nobbaij {rF+ Int+4 Slay+2}
MPRegen 0.13/turn               i - +4 ring of evasion

@: corroded, slowed, studying Dodging, lightly drained, very slow
A: high MP 1, forlorn, divine attributes
a: no special abilities


You were on level 7 of the Dungeon.
You visited 1 branch of the dungeon, and saw 8 of its levels.
You visited the Abyss 1 time.
You also visited: Sewer.

You collected 417 gold pieces.
You spent 140 gold pieces at shops.


Innate Abilities, Weirdness & Mutations

You have an increased reservoir of magic. (+10% MP)
You shall have no god before yourself.
Your divine heritage dramatically boosts your attributes as you level up.


   Skills:
 - Level 8.0 Fighting
 - Level 2.0 Ranged Weapons
 + Level 8.6 Dodging
 + Level 0.0 Unarmed Combat
 - Level 1.0 Spellcasting
 - Level 3.0 Hexes
 - Level 4.0 Transmutations


You had 6 spell levels left.
You knew the following spells:

 Your Spells              Type           Power      Damage    Failure   Level
x - Spider Form           Tmut/Pois      14%        N/A       11%         3
z - Slow                  Hex            80%        N/A       2%          1

Your spell library contained the following spells:

 Spells                   Type           Power      Damage    Failure   Level
 Beastly Appendage        Tmut           52%        N/A       1%          1
 Wereblood                Tmut           26%        N/A       2%          2
 Blink                    Tloc           2%         N/A       12%         2
 Inner Flame              Hex/Fire       10%        N/A       13%         3
 Portal Projectile        Hex/Tloc       20%        N/A       13%         3
 Call Canine Familiar     Summ           1%         N/A       24%         3
 Cause Fear               Hex            10%        N/A       24%         4
 Petrify                  Tmut/Erth      14%        N/A       34%         4
 Leda's Liquefaction      Hex/Erth       5%         N/A       41%         4
 Manifold Assault         Tloc           1%         N/A       92%         5
 Storm Form               Tmut/Air       7%         N/A       100%        7
 Lehudib's Crystal Spear  Conj/Erth      0%         10d2      100%        8

Inventory:

Hand Weapons
 a - a +0 flail of draining
 b - a +1 short sword of venom
 B - a +1 sling
 E - the +0 mace "Yhosel" {drain, rElec Dex+3 Stlth+} A truly terrible weapon, it drains the life of any living foe it strikes. Dex: It affects your dexterity (+3). rElec: It insulates you from electricity. Stlth: It makes you more stealthy.
 P - a +3 halberd of freezing (weapon)
Missiles
 k - 7 javelins
 m - 9 curare-tipped darts {=f}
Armour
 c - a +0 robe (worn)
 t - a +0 cloak (worn)
 A - a +0 helmet (worn)
 J - the +0 pair of gloves of Catatonia {Will+ rCorr Str-3}

   Str:       It affects your strength (-3).
   rCorr:     It protects you from acid and corrosion.
   Will:      It increases your willpower.
 N - a +2 pair of gloves of dexterity (worn)
Jewellery
 f - an amulet of reflection (around neck)
 i - a +4 ring of evasion (right hand)
 u - a +6 ring of dexterity
 K - a ring of protection from fire
 L - the ring of Nobbaij (left hand) {rF+ Int+4 Slay+2}

   [ring of protection from fire]

   Int:       It affects your intelligence (+4).
   Slay:      It affects your accuracy & damage with ranged weapons and melee
   (+2).
   rF:        It protects you from fire.
Wands
 I - a wand of polymorph (7)
 Q - a wand of digging (5)
Scrolls
 h - a scroll of butterflies
 o - a scroll of enchant armour
 p - 2 scrolls of enchant weapon
 v - a scroll of immolation {unknown}
 y - a scroll of magic mapping {unknown}
 C - 2 scrolls of brand weapon
 O - a scroll of poison {!r}
Potions
 d - 2 potions of attraction {unknown}
 e - 3 potions of degeneration {unknown}
 g - a potion of berserk rage {unknown}
 n - 3 potions of curing {@q1}
 r - a potion of brilliance {unknown}
 s - a potion of lignification {unknown}
 w - a potion of magic {unknown}
 x - 2 potions of flight
 z - a potion of mutation {unknown}
 F - 2 potions of invisibility {unknown}
 G - a potion of might {unknown}
 H - 3 potions of haste {unknown}
 M - 2 potions of resistance {unknown}

Dungeon Overview and Level Annotations

Branches:
Dungeon (8/15)             Temple (0/1) D:7           Sewer (visited)
   Lair: D:8-11

Shops:
D:5 *   D:6 [*(?

Annotations:
D:8 Psyche

▒▒▒▒'▒...........▒▒▒▒▒▒▒..▒..▒
........................▒▒▒▒▒▒
........................▒
........................▒
...................>....▒
........................▒
▒▒▒▒▒▒▒▒▒▒.......▒▒▒▒▒▒▒▒
▒.....Dy▒....▒ ▒..[..hp▒....▒
▒.......'....▒ ▒.......▒....▒
▒.......▒▒▒▒▒▒ ▒▒▒▒▒▒▒▒▒


You could see a hornet, an acid dragon and a howler monkey.


Message History

You block the hornet's attack. The howler monkey hits you.
* * * LOW HITPOINT WARNING * * *
The hornet completely misses you. The acid dragon misses you.
The acid dragon claws you.
* * * LOW HITPOINT WARNING * * *
Unknown command.
Unknown command.
Unknown command.
Okay, then.
The howler monkey hits you!
* * * LOW HITPOINT WARNING * * *
The hornet completely misses you. The acid dragon closely misses you.
The acid dragon claws you.
* * * LOW HITPOINT WARNING * * *
You climb upwards.
There is a stone staircase leading down here.
Unknown command.
Unknown command.
Unknown command.
The hornet stings you!
* * * LOW HITPOINT WARNING * * *
You feel yourself slow down. The howler monkey closely misses you.
Unknown command.
The acid dragon attacks as you move away!
The acid dragon bites you!
You die...

Action                   |  1- 3 |  4- 6 |  7- 9 || total
-------------------------+-------+-------+-------++-------
Melee: Short sword       |       |   112 |    95 ||   207
       Punch             |       |     2 |     3 ||     5
       Flail             |       |       |   250 ||   250
       Halberd           |       |       |    24 ||    24
 Fire: Sling             |   182 |    81 |     4 ||   267
 Cast: Slow              |       |     1 |    33 ||    34
Evoke: Wand              |       |       |     9 ||     9
  Use: Scroll            |       |     1 |    11 ||    12
       Potion            |       |     1 |     4 ||     5
 Stab: Sleeping          |       |     1 |     4 ||     5
Armor: Robe              |    17 |    26 |    68 ||   111
Dodge: Dodged            |    82 |   105 |   301 ||   488
Block: Other             |    20 |    42 |    75 ||   137
       Reflection        |     2 |     1 |     2 ||     5

Levels and vault maps discovered:
D:1:      minmay_arrival_split_and_join, layout_basic
D:2:      layout_loops_ring, nicolae_ecumenical_pavilion
D:3:      layout_rooms, gup_sewer_entry_glass
D:4:      layout_rooms, okawaru_trees_1, lightli_corner_chamber
D:5:      layout_basic, mainiacjoe_overflow_big_doors, serial_shops, shop,
          uniq_edmund
D:6:      layout_loops_cross, mainiacjoe_overflow_six_doors_small,
          mainiacjoe_overflow_chevrons, general_overflow_altar,
          amcnicky_altar_gilded, tso_altar, serial_shops, nicolae_square_shop,
          nicolae_shop_crystal, nicolae_shop_behind_doors, nicolae_shop_trees,
          uniq_crazy_yiuf_cottage, uniq_prince_ribbit1
D:7:      layout_gridville, mainiacjoe_overflow_brackets,
          minmay_temple_entry_statues_fountains
D:8:      minmay_the_grid_octo_triangle [minmay_the_grid_octo_vomiting_pacman,
          minmay_the_grid_octo_prize_ultimate_mussel_roller,
          minmay_the_grid_octo_teeth], layout_loops_ring,
          nicolae_uskayaw_en_pointe, chequers_arboretum, uniq_psyche

Notes
Turn   | Place    | Note
-------+----------+-------------------------------------------
     0 | D:1      | sanka the Demigod Arcane Marksman began the quest for the
                  | Orb.
     0 | D:1      | Reached XP level 1. HP: 15/15 MP: 4/4
    34 | D:1      | Reached skill level 1 in Fighting
   191 | D:1      | Reached skill level 2 in Ranged Weapons
   191 | D:1      | Reached skill level 2 in Dodging
   312 | D:1      | Reached skill level 3 in Hexes
   353 | D:1      | Reached XP level 2. HP: 23/23 MP: 5/5
  1391 | D:2      | Got the Folio of the Geologist
  1505 | D:2      | Reached XP level 3. HP: 29/29 MP: 6/6
  1647 | D:2      | Reached skill level 2 in Fighting
  2229 | D:3      | Noticed an ogre
  2408 | D:3      | Reached skill level 3 in Dodging
  2434 | D:3      | Found a glowing drain.
  2452 | D:3      | Reached XP level 4. HP: 32/37 MP: 8/8
  2699 | Sewer    | Entered a sewer
  2780 | Sewer    | Noticed a kobold brigand
  2834 | Sewer    | Killed a kobold brigand
  2835 | Sewer    | Reached skill level 3 in Fighting
  2835 | Sewer    | Reached XP level 5. HP: 12/45 MP: 9/9
  3638 | D:4      | Reached skill level 4 in Dodging
  3821 | D:4      | Reached XP level 6. HP: 45/52 MP: 10/10
  3842 | D:4      | Reached skill level 4 in Fighting
  4712 | D:5      | Entered Level 5 of the Dungeon
  4735 | D:5      | Reached skill level 5 in Dodging
  4939 | D:5      | Reached XP level 7. HP: 34/60 MP: 11/11
  5135 | D:5      | Found Muboidij's General Store.
  5135 | D:5      | Noticed Edmund
  5324 | D:4      | Reached skill level 5 in Fighting
  5875 | D:5      | Reached skill level 6 in Dodging
  5895 | D:5      | Killed Edmund
  6084 | D:5      | Reached skill level 6 in Fighting
  6196 | D:5      | Reached XP level 8. HP: 30/70 MP: 10/12
  6488 | D:5      | Identified the +0 mace "Yhosel" {drain, rElec Dex+3 Stlth+}
  6967 | D:6      | Found Qoasa's Weapon Shop.
  6999 | D:6      | Reached skill level 7 in Dodging
  7255 | D:6      | Identified the +0 pair of gloves of Catatonia {Will+ rCorr
                  | Str-3}
  7308 | D:6      | Reached skill level 7 in Fighting
  7595 | D:6      | Found Afyhyt's Magic Scroll Shop.
  7848 | D:6      | Noticed Prince Ribbit
  7878 | D:6      | Killed Prince Ribbit
  8114 | D:6      | Found Pooz's Assorted Antiques.
  8117 | D:6      | Bought a bound golden ring for 140 gold pieces
  8117 | D:6      | Identified the ring of Nobbaij {rF+ Int+4 Slay+2} (You
                  | bought it in a shop on level 6 of the Dungeon)
  8174 | D:6      | Found Janil's Armour Emporium.
  8443 | D:6      | Found a runed translucent door.
  8444 | D:6      | Noticed Crazy Yiuf
  8533 | D:6      | Killed Crazy Yiuf
  9014 | D:7      | Found a staircase to the Ecumenical Temple.
  9110 | D:7      | Reached skill level 8 in Dodging
  9124 | D:7      | Identified a scroll of acquirement
  9125 | D:7      | Acquired a manual of Dodging
  9239 | D:7      | Reached XP level 9. HP: 78/81 MP: 13/13
  9270 | D:7      | Learned a level 3 spell: Spider Form
  9498 | D:7      | Reached skill level 8 in Fighting
  9498 | D:7      | Reached skill level 1 in Transmutations
  9729 | D:7      | Reached skill level 2 in Transmutations
 10171 | D:7      | Reached skill level 3 in Transmutations
 10778 | D:8      | Noticed Psyche
 10951 | Abyss:2  | Cast into level 2 of the Abyss (Psyche)
 10994 | Abyss:2  | Reached skill level 4 in Transmutations
 10995 | Abyss:2  | Noticed a starcursed mass
 11008 | Abyss:2  | Noticed a large abomination
 11010 | Abyss:2  | Noticed a rakshasa
 11011 | Abyss:2  | Noticed a deep elf demonologist
 11018 | Abyss:2  | Noticed a large abomination
 11036 | Abyss:2  | Noticed a guardian serpent
 11036 | Abyss:2  | Noticed a naga warrior
 11047 | Abyss:2  | Noticed a salamander
 11164 | Abyss:2  | Noticed a rakshasa
 11185 | Abyss:2  | Noticed an ancient zyme
 11200 | Abyss:2  | Noticed a red draconian
 11207 | Abyss:2  | Noticed an ancient zyme
 11226 | Abyss:2  | Noticed a worldbinder
 11238 | Abyss:2  | Noticed a starcursed mass
 11265 | D:8      | Escaped the Abyss
 11298 | D:8      | Noticed a +0 spear
 11299 | D:8      | Noticed a +0 dagger
 11299 | D:8      | Noticed a +0 falchion
 11299 | D:8      | Noticed a +0 dagger
 11299 | D:8      | Noticed a +0 spear
 11601 | D:8      | Paralysed by a hornet for 2 turns
 11607 | D:7      | Slain by an acid dragon

Vanquished Creatures
  Prince Ribbit (D:6)
  A wyvern (D:7)
  A water moccasin (D:7)
  Edmund (D:5)
  A sky beast (D:7)
  A black bear (D:4)
  3 ogres
  3 centaurs
  3 phantoms
  A kobold brigand (Sewer)
  A bullfrog (D:6)
  A necrophage (D:5)
  2 scorpions (D:5)
  A small abomination (Abyss:2)
  A jelly (D:7)
  7 wights (D:7)
  2 orc priests (D:5)
  Crazy Yiuf (D:6)
  4 hounds
  4 iguanas
  9 orc wizards
  9 adders
  2 white imps (D:7)
  2 ufetubi
  A worm (D:1)
  A dart slug (D:1)
  26 orcs
  6 endoplasms
  4 giant cockroaches
  9 hobgoblins
  6 jackals
  17 kobolds
  A quokka (D:2)
  6 ball pythons
  7 bats
  5 frilled lizards
  A goblin (D:1)
  17 rats
169 creatures vanquished.
